Mulligans vs Harfangs

Created - February 27, 2018 at 19:00

Goals
1 2 3 T
Mulligans 3 3 2 8
Harfangs 2 1 1 4
Shots
1 2 3 T
Mulligans 9 19 8 36
Harfangs 12 9 13 34

1st period

1. Harfangs , Vojtech Polak 17 (Cody Eakin 30, Nathan Beaulieu 31) at 1:14
2. Mulligans , Nick Bonino 25 (Eric Tangradi 52) at 9:54
3. Mulligans , Anton Lander 22 (Matt Niskanen 32) at 10:27
4. Mulligans , Cody Goloubef 3 (Matt Donovan 36) at 16:05
5. Harfangs , Boone Jenner 15 (Andreas Martinsen 14, Nick Holden 11) at 17:17

Penalties :
Jujhar Khaira (BEA) for Hooking (Minor) at 12:40

2nd period

6. Mulligans , Joonas Donskoi 8 (Benn Ferriero 15, Maxime Macenauer 32) at 2:22
7. Mulligans , Eric Tangradi 37 (Thomas Hickey 30, Nick Bonino 40) at 11:08
8. Mulligans , Nick Bonino 26 (Eric Tangradi 53, Jonathan Tremblay 23) at 11:28
9. Harfangs , Dustin Jeffrey 15 (Calle Jarnkrok 27) at 17:57

Penalties :
Dustin Jeffrey (BEA) for Tripping (Minor) at 3:03, Cody Eakin (BEA) for Holding (Minor) at 13:27, Angelo Esposito (BEA) for Fighting (Major) at 16:10, Dalton Thrower (Rep) for Fighting (Major) at 16:10

3rd period

10. Harfangs , Cody Eakin 17 (Tomas Kubalik 27, Alex Plante 2) at 2:55
11. Mulligans , Joonas Donskoi 9 (Matt Donovan 37, Cody Goloubef 21) at 6:37
12. Mulligans , Christoph Bertschy 5 (Cade Fairchild 8) at 16:20

Penalties :
Dylan Olsen (BEA) for Hooking (Minor) at 7:48, Mark Alt (BEA) for Holding (Minor) at 10:17

Goalie Stats

Calvin Pickard (Rep), 30 saves from 34 shots - (0.882), W, 7-5-0, 60:00 minutes
Anton Forsberg (BEA), 21 saves from 25 shots - (0.840), L, 4-5-1, 37:38 minutes
Andrew Hammond (BEA), 7 saves from 11 shots - (0.636), 22:22 minutes

Players Stats for Mulligans

Player Name              G  A  P  +/- PIM S  H  SB GA TA FO     MP     PP MP  PK MP  
------------------------------------------------------------------------------------
Anton Lander             1  0  1   1  0   1  1  2  0  2  6/12   18:35   4:36   0:00 
Ben Hutton               0  0  0   1  0   0  1  2  0  0  0/0     9:14   0:00   0:00 
Benn Ferriero            0  1  1   0  0   2  0  1  1  0  0/1    11:45   0:03   0:00 
Cade Fairchild           0  1  1   1  0   0  0  3  0  2  0/0     9:14   0:00   0:00 
Christoph Bertschy       1  0  1   2  0   1  0  0  0  1  1/3     8:10   0:07   0:00 
Cody Goloubef            1  1  2   3  0   1  3  1  4  0  0/0    18:42   3:53   0:00 
Dalton Thrower           0  0  0  -1  5   0  0  0  0  0  0/0     5:08   0:00   0:00 
Darren Dietz             0  0  0  -1  0   0  1  0  0  0  0/0     5:09   0:00   0:00 
Drayson Bowman           0  0  0   0  0   1  0  0  0  0  0/0    11:22   0:00   0:00 
Eric Tangradi            1  2  3   1  0   6  2  0  0  0  1/2    21:53   5:12   0:00 
Jonathan Tremblay        0  1  1   1  0   0  2  0  1  0  0/0    21:53   5:12   0:00 
Joonas Donskoi           2  0  2   2  0   4  0  0  1  0  0/0     8:10   0:07   0:00 
Logan Shaw               0  0  0   1  0   0  1  1  0  1  0/1    18:35   4:36   0:00 
Matt Beleskey            0  0  0   1  0   2  1  0  1  0  0/1    18:35   4:36   0:00 
Matt Donovan             0  2  2   3  0   1  0  0  0  1  0/0    18:42   3:53   0:00 
Matt Niskanen            0  1  1   1  0   4  1  1  0  0  0/0    26:55   6:02   0:00 
Maxime Macenauer         0  1  1   0  0   2  0  0  0  0  4/8    11:22   0:00   0:00 
Nick Bonino              2  1  3   1  0   9  2  0  1  0  25/40  22:01   5:16   0:00 
Reid Boucher             0  0  0   2  0   0  1  1  0  0  0/0     7:39   0:00   0:00 
Thomas Hickey            0  1  1   1  0   2  2  2  0  0  0/0    26:55   6:02   0:00 

Players Stats for Harfangs

Player Name              G  A  P  +/- PIM S  H  SB GA TA FO     MP     PP MP  PK MP  
------------------------------------------------------------------------------------
Alex Plante              0  1  1   1  0   0  0  1  0  0  0/0     5:28   0:00   0:00 
Andreas Martinsen        0  1  1  -2  0   6  3  0  2  0  0/0    12:49   0:00   1:53 
Angelo Esposito          0  0  0   0  5   0  1  0  0  0  2/4     6:31   0:00   0:00 
Boone Jenner             1  0  1  -2  0   1  1  0  0  2  5/7    11:46   0:00   1:10 
Brandon Pirri            0  0  0   0  0   1  0  1  2  0  0/0    14:33   0:00   0:00 
Brenden Kichton          0  0  0   0  0   0  0  0  0  0  0/0     0:00   0:00   0:00 
Brian Lashoff            0  0  0  -3  0   4  3  0  1  1  0/0    25:10   0:00   5:51 
Calle Jarnkrok           0  1  1   0  0   5  3  0  0  0  4/10   14:33   0:00   0:00 
Cody Eakin               1  1  2  -2  2   3  0  1  0  1  18/40  21:40   0:00   4:30 
Cristoval Nieves         0  0  0   0  0   0  1  0  0  0  0/1     2:24   0:00   2:24 
Dennis Everberg          0  0  0  -2  0   0  2  0  0  0  1/1    10:31   0:00   0:00 
Dustin Jeffrey           1  0  1   0  2   6  3  1  1  0  0/2    17:20   0:00   1:48 
Dylan Olsen              0  0  0  -1  2   2  0  2  0  0  0/0    18:31   0:00   3:13 
Jake Dotchin             0  0  0   0  0   0  0  0  0  0  0/0     0:45   0:00   0:45 
Joel Armia               0  0  0   0  0   0  0  0  0  0  0/0     0:38   0:00   0:00 
Jujhar Khaira            0  0  0   0  2   0  1  0  0  0  0/0     7:39   0:00   0:00 
Mark Alt                 0  0  0  -1  2   0  0  0  0  2  0/0    10:08   0:00   0:00 
Michal Repik             0  0  0   0  0   0  0  0  0  0  0/0     7:10   0:00   0:00 
Nathan Beaulieu          0  1  1  -1  0   0  1  1  0  0  0/0    19:23   0:00   4:04 
Nick Holden              0  1  1  -1  0   0  0  1  0  1  0/0    10:05   0:00   0:06 
Reid McNeill             0  0  0   1  0   0  0  0  0  0  0/0     5:28   0:00   0:00 
Sebastian Wannstrom      0  0  0   0  0   0  0  0  0  0  0/0     0:00   0:00   0:00 
Tomas Kubalik            0  1  1  -2  0   4  1  0  0  0  1/3    20:01   0:00   2:35 
Victor Bartley           0  0  0  -3  0   1  1  5  0  1  0/0    25:10   0:00   5:51 
Vojtech Polak            1  0  1  -2  0   1  1  1  1  1  0/0    22:16   0:00   5:30 

3 Stars

1 - Nick Bonino (Rep)
2 - Cody Goloubef (Rep)
3 - Joonas Donskoi (Rep)

Power Play

Mulligans - 0 on 5 Attempt(s) - 0.00%
Harfangs - 0 on 0 Attempt(s) - 0.00%

Penalty Kill

Mulligans - 0 on 0 Attempt(s) - 0.00% - Score 0 goal in Penalty Kill
Harfangs - 5 on 5 Attempt(s) - 100.00% - Score 0 goal in Penalty Kill

Team Stat

Mulligans - Hits : 18 - Faceoff Wins : 37 - Blocked Shots : 14 - Penalty Minutes : 5
Harfangs - Hits : 22 - Faceoff Wins : 31 - Blocked Shots : 14 - Penalty Minutes : 15

Official

Referees : Ciamaga Chris and Jackson Dave
Linesman : Don Henderson and Scott Driscoll

Game Notes

Anton Forsberg enters game at 2:22 of 2nd period
Angelo Esposito and Dalton Thrower fight to a draw at 16:10 of 2nd period

Finance

Level 1 -- Attendance: 1547 (77.35%) -- Ticket Income $52,598
Level 2 -- Attendance: 708 (70.80%) -- Ticket Income $13,452
Total Attendance: 2255 (75.17%)
Total Ticket Income: $66,050
Other Income: $3,302
Total Income: $69,352

Mulligans

5 vs 5 Forward 
   Center                   Left Wing                Right Wing               Time % Phy DF OF 
 1 Nick Bonino              Eric Tangradi            Jonathan Tremblay        40     0   2  3  
 2 Anton Lander             Matt Beleskey            Logan Shaw               30     0   2  3  
 3 Maxime Macenauer         Drayson Bowman           Benn Ferriero            20     0   2  3  
 4 Christoph Bertschy       Reid Boucher             Joonas Donskoi           10     0   2  3  

5 vs 5 Defense 
   Defense                  Defense                                           Time % Phy DF OF 
 1 Thomas Hickey            Matt Niskanen                                     40     0   3  2  
 2 Matt Donovan             Cody Goloubef                                     30     0   3  2  
 3 Cade Fairchild           Ben Hutton                                        20     0   3  2  
 4 Darren Dietz             Dalton Thrower                                    10     0   3  2  

PowerPlay Forward 
   Center                   Left Wing                Right Wing               Time % Phy DF OF 
 1 Nick Bonino              Eric Tangradi            Jonathan Tremblay        60     0   1  4  
 2 Anton Lander             Matt Beleskey            Logan Shaw               40     0   1  4  

PowerPlay Defense
   Defense                  Defense                                           Time % Phy DF OF 
 1 Thomas Hickey            Matt Niskanen                                     60     0   2  3  
 2 Matt Donovan             Cody Goloubef                                     40     0   2  3  

Penalty Kill 4 Players Forward 
   Center                   Wing                     Time % Phy DF OF 
 1 Nick Bonino              Eric Tangradi            60     1   2  2  
 2 Jonathan Tremblay        Anton Lander             40     1   2  2  

Penalty Kill 4 Players Defense
   Defense                  Defense                  Time % Phy DF OF 
 1 Thomas Hickey            Matt Niskanen            60     1   4  0  
 2 Matt Donovan             Cody Goloubef            40     1   4  0  

Penalty Kill - 3 Players Forward 
   Forward                                           Time % Phy DF OF 
 1 Nick Bonino                                       60     1   3  1  
 2 Eric Tangradi                                     40     1   3  1  

Penalty Kill - 3 Players Defense
   Defense                  Defense                  Time % Phy DF OF 
 1 Thomas Hickey            Matt Niskanen            60     1   4  0  
 2 Matt Donovan             Cody Goloubef            40     1   4  0  

4 vs 4 Forward 
   Center                   Wing                     Time % Phy DF OF 
 1 Nick Bonino              Eric Tangradi            60     1   2  2  
 2 Jonathan Tremblay        Anton Lander             40     1   2  2  

4 vs 4 Defense
   Defense                  Defense                  Time % Phy DF OF 
 1 Thomas Hickey            Matt Niskanen            60     1   2  2  
 2 Matt Donovan             Cody Goloubef            40     1   2  2  

Last Minutes Offensive
   Center                   Left Wing                Right Wing               Defense                  Defense                  
   Nick Bonino              Eric Tangradi            Jonathan Tremblay        Thomas Hickey            Matt Niskanen            

Last Minutes Defensive
   Center                   Left Wing                Right Wing               Defense                  Defense                  
   Nick Bonino              Eric Tangradi            Jonathan Tremblay        Thomas Hickey            Matt Niskanen            

Goaltenders
Starting : Calvin Pickard           
Backup : Anders Lindback          

Extra Forwards
Normal : Joonas Donskoi, Christoph Bertschy, Logan Shaw - PP : Joonas Donskoi, Christoph Bertschy - PK : Logan Shaw
Extra Defensemen
Normal : Cade Fairchild, Ben Hutton, Darren Dietz - PP : Cade Fairchild - PK : Ben Hutton, Darren Dietz
Penalty Shots
Nick Bonino, Eric Tangradi, Jonathan Tremblay, Anton Lander, Maxime Macenauer

Scratches
Sven Baertschi (Healthy), Nick Shore (Healthy), Mario Lucia (Healthy), Adam Lowry (Healthy), Derek Dorsett (Healthy)
Marek Langhamer (Healthy)

Harfangs

5 vs 5 Forward 
   Center                   Left Wing                Right Wing               Time % Phy DF OF 
 1 Cody Eakin               Vojtech Polak            Tomas Kubalik            40     1   2  2  
 2 Calle Jarnkrok           Dustin Jeffrey           Brandon Pirri            30     1   2  2  
 3 Boone Jenner             Andreas Martinsen        Dennis Everberg          20     1   2  2  
 4 Angelo Esposito          Jujhar Khaira            Michal Repik             10     1   2  2  

5 vs 5 Defense 
   Defense                  Defense                                           Time % Phy DF OF 
 1 Victor Bartley           Brian Lashoff                                     40     1   2  2  
 2 Nathan Beaulieu          Dylan Olsen                                       30     1   2  2  
 3 Nick Holden              Mark Alt                                          20     1   2  2  
 4 Alex Plante              Reid McNeill                                      10     1   2  2  

PowerPlay Forward 
   Center                   Left Wing                Right Wing               Time % Phy DF OF 
 1 Cody Eakin               Vojtech Polak            Tomas Kubalik            60     1   2  2  
 2 Calle Jarnkrok           Dustin Jeffrey           Brandon Pirri            40     1   2  2  

PowerPlay Defense
   Defense                  Defense                                           Time % Phy DF OF 
 1 Victor Bartley           Brian Lashoff                                     60     1   2  2  
 2 Nathan Beaulieu          Dylan Olsen                                       40     1   2  2  

Penalty Kill 4 Players Forward 
   Center                   Wing                     Time % Phy DF OF 
 1 Cody Eakin               Vojtech Polak            60     1   2  2  
 2 Tomas Kubalik            Dustin Jeffrey           40     1   2  2  

Penalty Kill 4 Players Defense
   Defense                  Defense                  Time % Phy DF OF 
 1 Victor Bartley           Brian Lashoff            60     1   2  2  
 2 Nathan Beaulieu          Dylan Olsen              40     1   2  2  

Penalty Kill - 3 Players Forward 
   Forward                                           Time % Phy DF OF 
 1 Cody Eakin                                        60     1   2  2  
 2 Vojtech Polak                                     40     1   2  2  

Penalty Kill - 3 Players Defense
   Defense                  Defense                  Time % Phy DF OF 
 1 Victor Bartley           Brian Lashoff            60     1   2  2  
 2 Nathan Beaulieu          Dylan Olsen              40     1   2  2  

4 vs 4 Forward 
   Center                   Wing                     Time % Phy DF OF 
 1 Cody Eakin               Vojtech Polak            60     1   2  2  
 2 Tomas Kubalik            Dustin Jeffrey           40     1   2  2  

4 vs 4 Defense
   Defense                  Defense                  Time % Phy DF OF 
 1 Victor Bartley           Brian Lashoff            60     1   2  2  
 2 Nathan Beaulieu          Dylan Olsen              40     1   2  2  

Last Minutes Offensive
   Center                   Left Wing                Right Wing               Defense                  Defense                  
   Cody Eakin               Vojtech Polak            Tomas Kubalik            Victor Bartley           Brian Lashoff            

Last Minutes Defensive
   Center                   Left Wing                Right Wing               Defense                  Defense                  
   Cody Eakin               Vojtech Polak            Tomas Kubalik            Victor Bartley           Brian Lashoff            

Goaltenders
Starting : Andrew Hammond           
Backup : Anton Forsberg           

Extra Forwards
Normal : Joel Armia, Sebastian Wannstrom, Cristoval Nieves - PP : Joel Armia, Sebastian Wannstrom - PK : Cristoval Nieves
Extra Defensemen
Normal : Brenden Kichton, Jake Dotchin, Nick Holden - PP : Brenden Kichton - PK : Jake Dotchin, Nick Holden
Penalty Shots
Cody Eakin, Vojtech Polak, Tomas Kubalik, Dustin Jeffrey, Brandon Pirri

Scratches
Colton Sissons (Strained Left Elbow Injury), John Macfarland (Healthy), Brendan Leipsic (Healthy), Jason Kasdorf (Healthy), Mark Visentin (Healthy)
Scott Wedgewood (Healthy)

% Time on Ice - Mulligans

Lines # - Real PCT - Wanted PCT - Time Play
Normal Forward
1 - 34% - 40% - 17:05
2 - 28% - 30% - 13:59
3 - 23% - 20% - 11:22
4 - 15% - 10% - 7:39
Normal Defense
1 - 42% - 40% - 20:53
2 - 30% - 30% - 14:49
3 - 18% - 20% - 9:14
4 - 10% - 10% - 5:09
PP Forward
1 - 54% - 60% - 5:19
2 - 46% - 40% - 4:36
PP Defense
1 - 61% - 60% - 6:02
2 - 39% - 40% - 3:53
PK Forward
1 - 0% - 60%
2 - 0% - 40%
PK Defense
1 - 0% - 60%
2 - 0% - 40%
PK3 Forward
1 - 0% - 60%
2 - 0% - 40%
PK3 Defense
1 - 0% - 60%
2 - 0% - 40%
44 Forward
1 - 0% - 60%
2 - 0% - 40%
44 Defense
1 - 0% - 60%
2 - 0% - 40%
Last Minute Offensive  - 0:00
Last Minute Defensive  - 0:00
Total
Forward - 60:00
Defense - 60:00

% Time on Ice - Harfangs

Lines # - Real PCT - Wanted PCT - Time Play
Normal Forward
1 - 34% - 40% - 17:11
2 - 30% - 30% - 15:13
3 - 21% - 20% - 10:31
4 - 14% - 10% - 7:10
Normal Defense
1 - 39% - 40% - 19:19
2 - 31% - 30% - 15:19
3 - 20% - 20% - 9:59
4 - 11% - 10% - 5:28
PP Forward
1 - 0% - 60%
2 - 0% - 40%
PP Defense
1 - 0% - 60%
2 - 0% - 40%
PK Forward
1 - 74% - 60% - 7:20
2 - 26% - 40% - 2:35
PK Defense
1 - 59% - 60% - 5:51
2 - 41% - 40% - 4:04
PK3 Forward
1 - 0% - 60%
2 - 0% - 40%
PK3 Defense
1 - 0% - 60%
2 - 0% - 40%
44 Forward
1 - 0% - 60%
2 - 0% - 40%
44 Defense
1 - 0% - 60%
2 - 0% - 40%
Last Minute Offensive  - 0:00
Last Minute Defensive  - 0:00
Total
Forward - 60:00
Defense - 60:00

Play by Play

1st period


0:01 of 1st period - Cody Eakin wins face-off versus Nick Bonino in neutral zone.
0:07 of 1st period - Off-side.
0:08 of 1st period - Nick Bonino wins face-off versus Cody Eakin in neutral zone.
0:23 of 1st period - Snap shot by Nick Bonino.
0:23 of 1st period - Stopped by Andrew Hammond without a rebound.
0:24 of 1st period - Anton Lander wins face-off versus Calle Jarnkrok in Harfangs zone.
0:49 of 1st period - Matt Donovan is hit by Andreas Martinsen and loses puck.
1:12 of 1st period - Snap shot by Cody Eakin.
1:12 of 1st period - Shot Blocked by Ben Hutton.
1:14 of 1st period - Snap shot by Vojtech Polak.
1:14 of 1st period - Goal by Vojtech Polak - Mulligans : 0 - Harfangs : 1.
1:15 of 1st period - Nick Bonino wins face-off versus Calle Jarnkrok in neutral zone.
2:08 of 1st period - Wrist shot by Benn Ferriero.
2:08 of 1st period - Deflect By Brian Lashoff.
2:08 of 1st period - Stopped by Andrew Hammond without a rebound.
2:09 of 1st period - Nick Bonino wins face-off versus Angelo Esposito in Harfangs zone.
2:12 of 1st period - Snap shot by Eric Tangradi.
2:12 of 1st period - Stopped by Andrew Hammond with a rebound.
3:15 of 1st period - Icing by Thomas Hickey.
3:16 of 1st period - Boone Jenner wins face-off versus Anton Lander in Mulligans zone.
3:19 of 1st period - Snap shot by Tomas Kubalik.
3:19 of 1st period - Deflect By Matt Niskanen.
3:19 of 1st period - Shot Misses the Net.
3:19 of 1st period - Puck is out of play.
3:20 of 1st period - Nick Bonino wins face-off versus Cody Eakin in Mulligans zone.
3:51 of 1st period - Snap shot by Dustin Jeffrey.
3:51 of 1st period - Deflect By Matt Donovan.
3:51 of 1st period - Stopped by Calvin Pickard without a rebound.
3:52 of 1st period - Dennis Everberg wins face-off versus Maxime Macenauer in Mulligans zone.
4:18 of 1st period - Cade Fairchild is hit by Dustin Jeffrey.
4:38 of 1st period - Snap shot by Tomas Kubalik.
4:38 of 1st period - Stopped by Calvin Pickard without a rebound.
4:39 of 1st period - Cody Eakin wins face-off versus Anton Lander in Mulligans zone.
7:04 of 1st period - Slapshot by Calle Jarnkrok.
7:04 of 1st period - Stopped by Calvin Pickard with a rebound.
7:06 of 1st period - Wrist shot by Calle Jarnkrok.
7:06 of 1st period - Stopped by Calvin Pickard with a rebound.
8:09 of 1st period - Slapshot by Matt Beleskey.
8:09 of 1st period - Shot Misses the Net.
9:00 of 1st period - Anton Lander is hit by Dennis Everberg and loses puck.
9:06 of 1st period - Off-side.
9:07 of 1st period - Calle Jarnkrok wins face-off versus Nick Bonino in neutral zone.
9:10 of 1st period - Thomas Hickey is hit by Dustin Jeffrey and loses puck.
9:19 of 1st period - Snap shot by Nick Bonino.
9:19 of 1st period - Stopped by Andrew Hammond with a rebound.
9:33 of 1st period - Logan Shaw is hit by Vojtech Polak and loses puck.
9:44 of 1st period - Wrist shot by Tomas Kubalik.
9:44 of 1st period - Stopped by Calvin Pickard without a rebound.
9:45 of 1st period - Nick Bonino wins face-off versus Boone Jenner in Mulligans zone.
9:52 of 1st period - Wrist shot by Eric Tangradi.
9:52 of 1st period - Shot Misses the Net.
9:54 of 1st period - Snap shot by Nick Bonino.
9:54 of 1st period - Goal by Nick Bonino - Mulligans : 1 - Harfangs : 1.
9:55 of 1st period - Cody Eakin wins face-off versus Nick Bonino in neutral zone.
10:22 of 1st period - Calle Jarnkrok is hit by Matt Beleskey and loses puck.
10:27 of 1st period - Snap shot by Anton Lander.
10:27 of 1st period - Goal by Anton Lander - Mulligans : 2 - Harfangs : 1.
10:28 of 1st period - Nick Bonino wins face-off versus Cody Eakin in neutral zone.
10:35 of 1st period - Wrist shot by Tomas Kubalik.
10:35 of 1st period - Shot Misses the Net.
10:48 of 1st period - Matt Niskanen is hit by Brian Lashoff and loses puck.
11:01 of 1st period - Slapshot by Andreas Martinsen.
11:01 of 1st period - Stopped by Calvin Pickard with a rebound.
11:07 of 1st period - Wrist shot by Andreas Martinsen.
11:07 of 1st period - Stopped by Calvin Pickard without a rebound.
11:08 of 1st period - Boone Jenner wins face-off versus Maxime Macenauer in Mulligans zone.
11:11 of 1st period - Snap shot by Andreas Martinsen.
11:11 of 1st period - Stopped by Calvin Pickard without a rebound.
11:12 of 1st period - Maxime Macenauer wins face-off versus Cody Eakin in Mulligans zone.
12:40 of 1st period - Minor Penalty to Jujhar Khaira for Hooking.
12:41 of 1st period - Cody Eakin wins face-off versus Nick Bonino in Harfangs zone.
14:40 of 1st period - Penalty to Jujhar Khaira is over, Jujhar Khaira is back on ice.
14:52 of 1st period - Cade Fairchild is hit by Tomas Kubalik and loses puck.
15:01 of 1st period - Wrist shot by Dustin Jeffrey.
15:01 of 1st period - Shot Misses the Net.
15:03 of 1st period - Wrist shot by Dustin Jeffrey.
15:03 of 1st period - Shot Blocked by Ben Hutton.
15:05 of 1st period - Slapshot by Tomas Kubalik.
15:05 of 1st period - Shot Blocked by Cade Fairchild.
15:07 of 1st period - Slapshot by Brian Lashoff.
15:07 of 1st period - Stopped by Calvin Pickard with a rebound.
15:09 of 1st period - Slapshot by Brian Lashoff.
15:09 of 1st period - Deflect By Tomas Kubalik.
15:09 of 1st period - Shot Blocked by Cade Fairchild.
15:09 of 1st period - Puck is out of play.
15:10 of 1st period - Boone Jenner wins face-off versus Maxime Macenauer in Mulligans zone.
15:13 of 1st period - Snap shot by Dennis Everberg.
15:13 of 1st period - Shot Misses the Net.
16:05 of 1st period - Slapshot by Cody Goloubef.
16:05 of 1st period - Goal by Cody Goloubef - Mulligans : 3 - Harfangs : 1.
16:06 of 1st period - Nick Bonino wins face-off versus Cody Eakin in neutral zone.
16:09 of 1st period - Cody Eakin is hit by Thomas Hickey and loses puck.
16:16 of 1st period - Snap shot by Eric Tangradi.
16:16 of 1st period - Shot Misses the Net.
16:18 of 1st period - Wrist shot by Jonathan Tremblay.
16:18 of 1st period - Shot Misses the Net.
17:17 of 1st period - Wrist shot by Boone Jenner.
17:17 of 1st period - Goal by Boone Jenner - Mulligans : 3 - Harfangs : 2.
17:18 of 1st period - Cody Eakin wins face-off versus Nick Bonino in neutral zone.
17:43 of 1st period - Victor Bartley is hit by Matt Niskanen and loses puck.
17:50 of 1st period - Wrist shot by Dustin Jeffrey.
17:50 of 1st period - Shot Misses the Net.
17:52 of 1st period - Slapshot by Brian Lashoff.
17:52 of 1st period - Deflect By Logan Shaw.
17:52 of 1st period - Stopped by Calvin Pickard without a rebound.
17:53 of 1st period - Cody Eakin wins face-off versus Anton Lander in Mulligans zone.
18:03 of 1st period - Icing by Matt Donovan.
18:04 of 1st period - Anton Lander wins face-off versus Cody Eakin in Mulligans zone.
18:15 of 1st period - Wrist shot by Tomas Kubalik.
18:15 of 1st period - Shot Misses the Net.
18:31 of 1st period - Matt Beleskey is hit by Dennis Everberg and loses puck.
18:37 of 1st period - Off-side.
18:38 of 1st period - Boone Jenner wins face-off versus Eric Tangradi in neutral zone.
18:41 of 1st period - Matt Niskanen is hit by Andreas Martinsen and loses puck.
19:16 of 1st period - Slapshot by Eric Tangradi.
19:16 of 1st period - Stopped by Andrew Hammond with a rebound.
19:18 of 1st period - Snap shot by Eric Tangradi.
19:18 of 1st period - Shot Misses the Net.
19:20 of 1st period - Slapshot by Matt Niskanen.
19:20 of 1st period - Stopped by Andrew Hammond without a rebound.
19:21 of 1st period - Anton Lander wins face-off versus Cody Eakin in Harfangs zone.
19:22 of 1st period - Snap shot by Matt Beleskey.
19:22 of 1st period - Shot Blocked by Victor Bartley.
Goals for this period are 3 for Mulligans vs 2 for Harfangs.
Shots for this period are 9 for Mulligans vs 12 for Harfangs.

2nd period


0:01 of 2nd period - Cody Eakin wins face-off versus Nick Bonino in neutral zone.
0:12 of 2nd period - Slapshot by Matt Niskanen.
0:12 of 2nd period - Shot Blocked by Vojtech Polak.
0:14 of 2nd period - Slapshot by Thomas Hickey.
0:14 of 2nd period - Deflect By Nick Bonino.
0:14 of 2nd period - Stopped by Andrew Hammond without a rebound.
0:15 of 2nd period - Calle Jarnkrok wins face-off versus Logan Shaw in Harfangs zone.
0:41 of 2nd period - Calle Jarnkrok is hit by Thomas Hickey and loses puck.
0:54 of 2nd period - Matt Niskanen is hit by Nathan Beaulieu and loses puck.
1:03 of 2nd period - Wrist shot by Calle Jarnkrok.
1:03 of 2nd period - Stopped by Calvin Pickard with a rebound.
1:05 of 2nd period - Snap shot by Calle Jarnkrok.
1:05 of 2nd period - Stopped by Calvin Pickard without a rebound.
1:06 of 2nd period - Nick Bonino wins face-off versus Cody Eakin in Mulligans zone.
2:20 of 2nd period - Wrist shot by Joonas Donskoi.
2:20 of 2nd period - Shot Blocked by Cody Eakin.
2:22 of 2nd period - Wrist shot by Joonas Donskoi.
2:22 of 2nd period - Goal by Joonas Donskoi - Mulligans : 4 - Harfangs : 2.
2:22 of 2nd period - Anton Forsberg enters game.
2:23 of 2nd period - Nick Bonino wins face-off versus Cody Eakin in neutral zone.
2:28 of 2nd period - Backhand shot by Eric Tangradi.
2:28 of 2nd period - Stopped by Anton Forsberg with a rebound.
2:32 of 2nd period - Wrist shot by Jonathan Tremblay.
2:32 of 2nd period - Shot Misses the Net.
2:34 of 2nd period - Slapshot by Matt Niskanen.
2:34 of 2nd period - Deflect By Nathan Beaulieu.
2:34 of 2nd period - Stopped by Anton Forsberg with a rebound.
2:36 of 2nd period - Slapshot by Nick Bonino.
2:36 of 2nd period - Shot Misses the Net.
2:38 of 2nd period - Snap shot by Nick Bonino.
2:38 of 2nd period - Shot Misses the Net.
2:48 of 2nd period - Matt Niskanen is hit by Dustin Jeffrey and loses puck.
3:03 of 2nd period - Minor Penalty to Dustin Jeffrey for Tripping.
3:04 of 2nd period - Nick Bonino wins face-off versus Cody Eakin in Harfangs zone.
3:39 of 2nd period - Slapshot by Thomas Hickey.
3:39 of 2nd period - Stopped by Anton Forsberg with a rebound.
3:45 of 2nd period - Thomas Hickey is hit by Cristoval Nieves and loses puck.
5:03 of 2nd period - Penalty to Dustin Jeffrey is over, Dustin Jeffrey is back on ice.
5:20 of 2nd period - Wrist shot by Dustin Jeffrey.
5:20 of 2nd period - Stopped by Calvin Pickard with a rebound.
5:22 of 2nd period - Wrist shot by Andreas Martinsen.
5:22 of 2nd period - Stopped by Calvin Pickard without a rebound.
5:23 of 2nd period - Angelo Esposito wins face-off versus Benn Ferriero in Mulligans zone.
5:49 of 2nd period - Dustin Jeffrey is hit by Reid Boucher and loses puck.
6:06 of 2nd period - Slapshot by Eric Tangradi.
6:06 of 2nd period - Shot Misses the Net.
6:21 of 2nd period - Off-side.
6:22 of 2nd period - Cody Eakin wins face-off versus Anton Lander in neutral zone.
6:25 of 2nd period - Slapshot by Victor Bartley.
6:25 of 2nd period - Shot Blocked by Anton Lander.
6:27 of 2nd period - Snap shot by Cody Eakin.
6:27 of 2nd period - Stopped by Calvin Pickard with a rebound.
7:09 of 2nd period - Matt Donovan is hit by Boone Jenner and loses puck.
7:24 of 2nd period - Slapshot by Matt Donovan.
7:24 of 2nd period - Stopped by Anton Forsberg without a rebound.
7:25 of 2nd period - Anton Lander wins face-off versus Angelo Esposito in Harfangs zone.
7:26 of 2nd period - Slapshot by Matt Beleskey.
7:26 of 2nd period - Shot Blocked by Dylan Olsen.
7:32 of 2nd period - Slapshot by Thomas Hickey.
7:32 of 2nd period - Stopped by Anton Forsberg with a rebound.
8:19 of 2nd period - Wrist shot by Maxime Macenauer.
8:19 of 2nd period - Shot Blocked by Dustin Jeffrey.
8:43 of 2nd period - Wrist shot by Joonas Donskoi.
8:43 of 2nd period - Stopped by Anton Forsberg without a rebound.
8:44 of 2nd period - Cody Eakin wins face-off versus Nick Bonino in Harfangs zone.
8:44 of 2nd period - Cody Eakin is hit by Nick Bonino.
8:52 of 2nd period - Brian Lashoff is hit by Jonathan Tremblay and loses puck.
9:51 of 2nd period - Matt Niskanen is hit by Jujhar Khaira and loses puck.
10:39 of 2nd period - Calle Jarnkrok is hit by Cody Goloubef and loses puck.
10:47 of 2nd period - Icing by Brandon Pirri.
10:48 of 2nd period - Boone Jenner wins face-off versus Christoph Bertschy in Harfangs zone.
11:00 of 2nd period - Off-side.
11:01 of 2nd period - Nick Bonino wins face-off versus Tomas Kubalik in neutral zone.
11:08 of 2nd period - Snap shot by Eric Tangradi.
11:08 of 2nd period - Goal by Eric Tangradi - Mulligans : 5 - Harfangs : 2.
11:09 of 2nd period - Cody Eakin wins face-off versus Nick Bonino in neutral zone.
11:12 of 2nd period - Slapshot by Victor Bartley.
11:12 of 2nd period - Deflect By Tomas Kubalik.
11:12 of 2nd period - Shot Blocked by Thomas Hickey.
11:12 of 2nd period - Puck is out of play.
11:13 of 2nd period - Nick Bonino wins face-off versus Cody Eakin in Mulligans zone.
11:18 of 2nd period - Snap shot by Nick Bonino.
11:18 of 2nd period - Shot Blocked by Victor Bartley.
11:20 of 2nd period - Snap shot by Jonathan Tremblay.
11:20 of 2nd period - Shot Misses the Net.
11:28 of 2nd period - Wrist shot by Nick Bonino.
11:28 of 2nd period - Goal by Nick Bonino - Mulligans : 6 - Harfangs : 2.
11:29 of 2nd period - Nick Bonino wins face-off versus Cody Eakin in neutral zone.
11:32 of 2nd period - Wrist shot by Nick Bonino.
11:32 of 2nd period - Shot Blocked by Victor Bartley.
12:05 of 2nd period - Wrist shot by Matt Beleskey.
12:05 of 2nd period - Stopped by Anton Forsberg without a rebound.
12:06 of 2nd period - Cody Eakin wins face-off versus Maxime Macenauer in Harfangs zone.
12:39 of 2nd period - Snap shot by Nick Bonino.
12:39 of 2nd period - Stopped by Anton Forsberg without a rebound.
12:40 of 2nd period - Anton Lander wins face-off versus Calle Jarnkrok in Harfangs zone.
12:41 of 2nd period - Snap shot by Logan Shaw.
12:41 of 2nd period - Shot Misses the Net.
12:43 of 2nd period - Snap shot by Logan Shaw.
12:43 of 2nd period - Shot Blocked by Brandon Pirri.
12:49 of 2nd period - Slapshot by Matt Beleskey.
12:49 of 2nd period - Stopped by Anton Forsberg without a rebound.
12:50 of 2nd period - Calle Jarnkrok wins face-off versus Anton Lander in Harfangs zone.
12:50 of 2nd period - Calle Jarnkrok is hit by Anton Lander.
12:56 of 2nd period - Slapshot by Brian Lashoff.
12:56 of 2nd period - Stopped by Calvin Pickard with a rebound.
13:14 of 2nd period - Snap shot by Matt Beleskey.
13:14 of 2nd period - Shot Blocked by Victor Bartley.
13:16 of 2nd period - Slapshot by Matt Niskanen.
13:16 of 2nd period - Stopped by Anton Forsberg without a rebound.
13:17 of 2nd period - Nick Bonino wins face-off versus Cody Eakin in Harfangs zone.
13:27 of 2nd period - Minor Penalty to Cody Eakin for Holding.
13:28 of 2nd period - Nick Bonino wins face-off versus Cristoval Nieves in Harfangs zone.
13:44 of 2nd period - Matt Niskanen is hit by Brian Lashoff and loses puck.
15:26 of 2nd period - Boone Jenner is hit by Nick Bonino and loses puck.
15:27 of 2nd period - Penalty to Cody Eakin is over, Cody Eakin is back on ice.
15:57 of 2nd period - Slapshot by Dylan Olsen.
15:57 of 2nd period - Shot Blocked by Cade Fairchild.
15:59 of 2nd period - Snap shot by Dylan Olsen.
15:59 of 2nd period - Stopped by Calvin Pickard without a rebound.
16:00 of 2nd period - Angelo Esposito wins face-off versus Christoph Bertschy in Mulligans zone.
16:10 of 2nd period - Angelo Esposito and Dalton Thrower fight to a draw.
16:10 of 2nd period - Penalty to Angelo Esposito for Fighting.
16:10 of 2nd period - Penalty to Dalton Thrower for Fighting.
16:11 of 2nd period - Cody Eakin wins face-off versus Nick Bonino in Harfangs zone.
16:20 of 2nd period - Snap shot by Victor Bartley.
16:20 of 2nd period - Stopped by Calvin Pickard without a rebound.
16:21 of 2nd period - Nick Bonino wins face-off versus Cody Eakin in Mulligans zone.
16:33 of 2nd period - Snap shot by Nick Bonino.
16:33 of 2nd period - Stopped by Anton Forsberg without a rebound.
16:34 of 2nd period - Nick Bonino wins face-off versus Cody Eakin in Harfangs zone.
16:49 of 2nd period - Backhand shot by Eric Tangradi.
16:49 of 2nd period - Stopped by Anton Forsberg with a rebound.
16:59 of 2nd period - Logan Shaw is hit by Victor Bartley and loses puck.
17:29 of 2nd period - Icing by Matt Donovan.
17:30 of 2nd period - Maxime Macenauer wins face-off versus Tomas Kubalik in Mulligans zone.
17:43 of 2nd period - Snap shot by Matt Donovan.
17:43 of 2nd period - Shot Misses the Net.
17:47 of 2nd period - Wrist shot by Benn Ferriero.
17:47 of 2nd period - Stopped by Anton Forsberg without a rebound.
17:48 of 2nd period - Nick Bonino wins face-off versus Calle Jarnkrok in Harfangs zone.
17:49 of 2nd period - Wrist shot by Eric Tangradi.
17:49 of 2nd period - Stopped by Anton Forsberg without a rebound.
17:50 of 2nd period - Calle Jarnkrok wins face-off versus Nick Bonino in Harfangs zone.
17:57 of 2nd period - Wrist shot by Dustin Jeffrey.
17:57 of 2nd period - Goal by Dustin Jeffrey - Mulligans : 6 - Harfangs : 3.
17:58 of 2nd period - Cody Eakin wins face-off versus Nick Bonino in neutral zone.
18:57 of 2nd period - Wrist shot by Calle Jarnkrok.
18:57 of 2nd period - Shot Blocked by Cody Goloubef.
19:19 of 2nd period - Snap shot by Joonas Donskoi.
19:19 of 2nd period - Stopped by Anton Forsberg with a rebound.
Goals for this period are 3 for Mulligans vs 1 for Harfangs.
Shots for this period are 19 for Mulligans vs 9 for Harfangs.

3rd period


0:01 of 3rd period - Cody Eakin wins face-off versus Nick Bonino in neutral zone.
0:25 of 3rd period - Anton Lander is hit by Calle Jarnkrok and loses puck.
0:56 of 3rd period - Snap shot by Drayson Bowman.
0:56 of 3rd period - Stopped by Anton Forsberg with a rebound.
2:08 of 3rd period - Cade Fairchild is hit by Andreas Martinsen and loses puck.
2:34 of 3rd period - Jonathan Tremblay is hit by Angelo Esposito and loses puck.
2:47 of 3rd period - Snap shot by Cody Eakin.
2:47 of 3rd period - Shot Misses the Net.
2:49 of 3rd period - Backhand shot by Alex Plante.
2:49 of 3rd period - Shot Misses the Net.
2:51 of 3rd period - Wrist shot by Tomas Kubalik.
2:51 of 3rd period - Stopped by Calvin Pickard with a rebound.
2:53 of 3rd period - Wrist shot by Cody Eakin.
2:53 of 3rd period - Stopped by Calvin Pickard with a rebound.
2:55 of 3rd period - Snap shot by Cody Eakin.
2:55 of 3rd period - Goal by Cody Eakin - Mulligans : 6 - Harfangs : 4.
2:56 of 3rd period - Cody Eakin wins face-off versus Nick Bonino in neutral zone.
3:21 of 3rd period - Thomas Hickey is hit by Calle Jarnkrok and loses puck.
3:30 of 3rd period - Wrist shot by Dustin Jeffrey.
3:30 of 3rd period - Stopped by Calvin Pickard with a rebound.
3:32 of 3rd period - Snap shot by Calle Jarnkrok.
3:32 of 3rd period - Shot Misses the Net.
3:42 of 3rd period - Slapshot by Matt Niskanen.
3:42 of 3rd period - Stopped by Anton Forsberg without a rebound.
3:43 of 3rd period - Maxime Macenauer wins face-off versus Boone Jenner in Harfangs zone.
4:07 of 3rd period - Boone Jenner is hit by Eric Tangradi and loses puck.
4:30 of 3rd period - Snap shot by Vojtech Polak.
4:30 of 3rd period - Shot Misses the Net.
4:48 of 3rd period - Wrist shot by Maxime Macenauer.
4:48 of 3rd period - Stopped by Anton Forsberg without a rebound.
4:49 of 3rd period - Maxime Macenauer wins face-off versus Dustin Jeffrey in Harfangs zone.
4:58 of 3rd period - Snap shot by Victor Bartley.
4:58 of 3rd period - Shot Misses the Net.
5:00 of 3rd period - Wrist shot by Brandon Pirri.
5:00 of 3rd period - Shot Blocked by Thomas Hickey.
5:02 of 3rd period - Snap shot by Brandon Pirri.
5:02 of 3rd period - Shot Misses the Net.
5:04 of 3rd period - Wrist shot by Dustin Jeffrey.
5:04 of 3rd period - Stopped by Calvin Pickard without a rebound.
5:05 of 3rd period - Cody Eakin wins face-off versus Nick Bonino in Mulligans zone.
5:21 of 3rd period - Icing by Vojtech Polak.
5:22 of 3rd period - Anton Lander wins face-off versus Cody Eakin in Harfangs zone.
5:29 of 3rd period - Wrist shot by Cody Eakin.
5:29 of 3rd period - Shot Misses the Net.
5:31 of 3rd period - Snap shot by Dylan Olsen.
5:31 of 3rd period - Stopped by Calvin Pickard with a rebound.
5:33 of 3rd period - Snap shot by Tomas Kubalik.
5:33 of 3rd period - Stopped by Calvin Pickard without a rebound.
5:34 of 3rd period - Nick Bonino wins face-off versus Calle Jarnkrok in Mulligans zone.
5:34 of 3rd period - Nick Bonino is hit by Calle Jarnkrok.
5:42 of 3rd period - Snap shot by Brandon Pirri.
5:42 of 3rd period - Shot Misses the Net.
5:44 of 3rd period - Wrist shot by Calle Jarnkrok.
5:44 of 3rd period - Shot Misses the Net.
5:49 of 3rd period - Icing by Thomas Hickey.
5:50 of 3rd period - Nick Bonino wins face-off versus Cody Eakin in Mulligans zone.
5:57 of 3rd period - Wrist shot by Nick Bonino.
5:57 of 3rd period - Stopped by Anton Forsberg with a rebound.
6:37 of 3rd period - Slapshot by Matt Donovan.
6:37 of 3rd period - Deflect By Joonas Donskoi.
6:37 of 3rd period - Goal by Joonas Donskoi - Mulligans : 7 - Harfangs : 4.
6:38 of 3rd period - Nick Bonino wins face-off versus Cody Eakin in neutral zone.
6:45 of 3rd period - Slapshot by Nick Bonino.
6:45 of 3rd period - Shot Blocked by Victor Bartley.
7:13 of 3rd period - Icing by Victor Bartley.
7:14 of 3rd period - Nick Bonino wins face-off versus Calle Jarnkrok in Harfangs zone.
7:31 of 3rd period - Snap shot by Dustin Jeffrey.
7:31 of 3rd period - Shot Blocked by Matt Niskanen.
7:33 of 3rd period - Backhand shot by Dustin Jeffrey.
7:33 of 3rd period - Stopped by Calvin Pickard without a rebound.
7:34 of 3rd period - Cody Eakin wins face-off versus Anton Lander in Mulligans zone.
7:48 of 3rd period - Minor Penalty to Dylan Olsen for Hooking.
7:49 of 3rd period - Nick Bonino wins face-off versus Cody Eakin in Harfangs zone.
8:02 of 3rd period - Off-side.
8:03 of 3rd period - Nick Bonino wins face-off versus Cody Eakin in neutral zone.
8:06 of 3rd period - Victor Bartley is hit by Eric Tangradi and loses puck.
9:38 of 3rd period - Snap shot by Andreas Martinsen.
9:38 of 3rd period - Shot Blocked by Anton Lander.
9:40 of 3rd period - Slapshot by Nick Holden.
9:40 of 3rd period - Shot Blocked by Logan Shaw.
9:42 of 3rd period - Wrist shot by Andreas Martinsen.
9:42 of 3rd period - Stopped by Calvin Pickard with a rebound.
9:44 of 3rd period - Snap shot by Andreas Martinsen.
9:44 of 3rd period - Stopped by Calvin Pickard with a rebound.
9:48 of 3rd period - Penalty to Dylan Olsen is over, Dylan Olsen is back on ice.
10:04 of 3rd period - Slapshot by Maxime Macenauer.
10:04 of 3rd period - Stopped by Anton Forsberg without a rebound.
10:05 of 3rd period - Christoph Bertschy wins face-off versus Dustin Jeffrey in Harfangs zone.
10:17 of 3rd period - Minor Penalty to Mark Alt for Holding.
10:18 of 3rd period - Eric Tangradi wins face-off versus Cody Eakin in Harfangs zone.
10:28 of 3rd period - Slapshot by Brian Lashoff.
10:28 of 3rd period - Deflect By Cody Goloubef.
10:28 of 3rd period - Stopped by Calvin Pickard without a rebound.
10:29 of 3rd period - Cody Eakin wins face-off versus Nick Bonino in Mulligans zone.
10:44 of 3rd period - Vojtech Polak is hit by Jonathan Tremblay and loses puck.
11:08 of 3rd period - Icing by Matt Niskanen.
11:09 of 3rd period - Tomas Kubalik wins face-off versus Matt Beleskey in Mulligans zone.
12:17 of 3rd period - Penalty to Mark Alt is over, Mark Alt is back on ice.
13:45 of 3rd period - Dylan Olsen is hit by Cody Goloubef and loses puck.
14:48 of 3rd period - Wrist shot by Michal Repik.
14:48 of 3rd period - Shot Blocked by Reid Boucher.
15:00 of 3rd period - Dennis Everberg is hit by Logan Shaw and loses puck.
15:19 of 3rd period - Snap shot by Brandon Pirri.
15:19 of 3rd period - Shot Blocked by Benn Ferriero.
15:44 of 3rd period - Backhand shot by Nick Bonino.
15:44 of 3rd period - Stopped by Anton Forsberg with a rebound.
15:46 of 3rd period - Slapshot by Matt Niskanen.
15:46 of 3rd period - Shot Misses the Net.
15:48 of 3rd period - Wrist shot by Matt Niskanen.
15:48 of 3rd period - Shot Blocked by Nick Holden.
16:20 of 3rd period - Wrist shot by Christoph Bertschy.
16:20 of 3rd period - Goal by Christoph Bertschy - Mulligans : 8 - Harfangs : 4.
16:21 of 3rd period - Nick Bonino wins face-off versus Cody Eakin in neutral zone.
16:36 of 3rd period - Slapshot by Nick Bonino.
16:36 of 3rd period - Shot Misses the Net.
16:55 of 3rd period - Slapshot by Dustin Jeffrey.
16:55 of 3rd period - Deflect By Calle Jarnkrok.
16:55 of 3rd period - Stopped by Calvin Pickard with a rebound.
16:57 of 3rd period - Wrist shot by Brandon Pirri.
16:57 of 3rd period - Stopped by Calvin Pickard with a rebound.
16:59 of 3rd period - Wrist shot by Dustin Jeffrey.
16:59 of 3rd period - Shot Misses the Net.
17:09 of 3rd period - Dennis Everberg is hit by Cody Goloubef and loses puck.
17:29 of 3rd period - Slapshot by Cody Goloubef.
17:29 of 3rd period - Shot Misses the Net.
17:31 of 3rd period - Slapshot by Eric Tangradi.
17:31 of 3rd period - Shot Blocked by Dylan Olsen.
17:33 of 3rd period - Slapshot by Cody Goloubef.
17:33 of 3rd period - Shot Blocked by Nathan Beaulieu.
18:30 of 3rd period - Mark Alt is hit by Ben Hutton and loses puck.
18:57 of 3rd period - Brian Lashoff is hit by Darren Dietz and loses puck.
19:10 of 3rd period - Christoph Bertschy is hit by Brian Lashoff and loses puck.
19:33 of 3rd period - Slapshot by Thomas Hickey.
19:33 of 3rd period - Shot Blocked by Alex Plante.
Goals for this period are 2 for Mulligans vs 1 for Harfangs.
Shots for this period are 8 for Mulligans vs 13 for Harfangs.